 Dungeon Crawl Stone Soup version 0.31.0-11-ge490571c62 (webtiles) character file.

Game seed: 16850476115645609454

96 qw the Shooter (level 4, -14/22 HPs)
             Began as a Spriggan Hunter on Feb 4, 2024.
             Demolished by an orc warrior
             ... wielding a +0 battleaxe
              (16 damage)
             ... on level 3 of the Dungeon.
             The game lasted 00:00:06 (1929 turns).

qw the Shooter (Spriggan Hunter)                    Turns: 1929, Time: 00:00:07

Health: -14/22     AC:  2    Str:  7    XL:     4   Next: 41%
Magic:  5/5        EV: 20    Int: 10    God:
Gold:   96         SH:  0    Dex: 20    Spells: 3/3 levels left

rFire   . . .        a - +0 shortbow
rCold   . . .        (shield currently unavailable)
rNeg    . . .        c - +0 robe
rPois   .            (helmet restricted)
rElec   .            (no cloak)
rCorr   .            (gloves unavailable)
SInv    +            (boots unavailable)
Will    .....        (no amulet)
Stlth   ++           (no ring)
HPRegen 0.23/turn    (no ring)
MPRegen 0.09/turn

%: no passive effects
@: very quick
A: very small, no large weapons, unfitting armour, see invisible, speed 3
a: no special abilities


You were on level 3 of the Dungeon.
You visited 1 branch of the dungeon, and saw 3 of its levels.

You collected 96 gold pieces.


Innate Abilities, Weirdness & Mutations

You are very small and have problems with some larger weapons.
You are too small for most types of armour.
You have supernaturally acute eyesight. (SInv)
You cover ground extremely quickly. (Speed+++)


   Skills:
 - Level 1.5 Fighting
 - Level 5.1 Ranged Weapons
 + Level 4.7 Dodging
 - Level 1.5 Stealth


You had 3 spell levels left.
You didn't know any spells.
Your spell library was empty.

Inventory:

Hand Weapons
 a - a +0 shortbow (weapon)
Armour
 c - a +0 robe (worn)
Scrolls
 b - a scroll of fear {unknown}
 e - a scroll of silence {unknown}
 f - a scroll of acquirement {unknown}
Potions
 d - a potion of magic {unknown}
 g - a potion of lignification {unknown}
 h - a potion of attraction {unknown}
 i - a potion of resistance {unknown}
 j - a potion of cancellation

Dungeon Overview and Level Annotations

Branches:
Dungeon (3/15)

Altars:


Message History

The orc warrior is moderately wounded.
You hear the slow rusting of a distant drain.
You shoot an arrow. The arrow hits the orc warrior.
The orc warrior is heavily wounded.
An orc comes into view. It is wielding a +0 trident.
You shoot an arrow.
The arrow closely misses the orc warrior.
The arrow barely misses the orc.
The arrow hits the orc wizard.
The orc wizard is lightly wounded.
The orc warrior completely misses you.
You shoot an arrow.
The arrow hits the orc warrior but does no damage.
The orc warrior is moderately wounded.
The orc warrior misses you.
You shoot an arrow.
The arrow barely misses the orc warrior.
The arrow barely misses the orc.
The arrow hits the orc wizard.
The orc wizard is moderately wounded.
The orc warrior misses you.
You shoot an arrow. The arrow hits the orc warrior.
The orc warrior is heavily wounded.
The orc warrior closely misses you.
You shoot an arrow.
The arrow hits the orc warrior but does no damage.
The orc warrior is heavily wounded.
The orc warrior misses you.
You shoot an arrow.
The arrow barely misses the orc warrior.
The arrow hits the orc.
The orc is severely wounded.
The orc warrior hits you with a +0 battleaxe!!
Ouch! That really hurt!
The orc warrior closely misses you.
You shoot an arrow.
The arrow closely misses the orc warrior.
The arrow hits the orc wizard!
The orc wizard is severely wounded.
The orc warrior hits you with a +0 battleaxe!
Ouch! That really hurt!
You die...

#.# #.# #.# #.# #### #.#
#.# ...# #.# #.# ...#
#.# #.#
...####.########.#
................>#######
...####.................
)..[....########@####.##
........# #o# ........#
#o# ........# #o#
....[...# #S# ..#######
#o# ## ... #.#


You could see an orc warrior, an orc wizard (invisible), an adder and 2 orcs.

Vanquished Creatures
  4 adders
  2 dart slugs
  An orc (D:3)
  4 endoplasms
  5 giant cockroaches
  5 goblins
  7 hobgoblins
  7 kobolds
  3 quokkas
  3 ball pythons
  5 bats
  2 frilled lizards (D:1)
  3 rats
51 creatures vanquished.

Notes
Turn   | Place    | Note
-------+----------+-------------------------------------------
     0 | D:1      | qw the Spriggan Hunter began the quest for the Orb.
     0 | D:1      | Reached XP level 1. HP: 10/10 MP: 2/2
     0 | D:1      | 0 ||| qw: Version: 0.3-a-160-g6735b56
     0 | D:1      | 0 ||| qw: Game counter: 5274
     0 | D:1      | 0 ||| qw: Melee chars always use a shield: true
     0 | D:1      | 0 ||| qw: God list: Okawaru
     0 | D:1      | 0 ||| qw: Allow faded altars: false
     0 | D:1      | 0 ||| qw: Do Orc after clearing Dungeon:15 true
     0 | D:1      | 0 ||| qw: Do second Lair branch before Depths: true
     0 | D:1      | 0 ||| qw: Lair rune preference: random
     0 | D:1      | 0 ||| qw: Goals: Normal
     0 | D:1      | 0 ||| PLANNING D:1-11
   105 | D:1      | Reached skill level 3 in Dodging
   116 | D:1      | Reached XP level 2. HP: 14/14 MP: 3/3
   627 | D:1      | Reached XP level 3. HP: 18/18 MP: 4/4
   813 | D:1      | 813 ||| READING scroll labelled FEYXKETOWO.
   821 | D:1      | 821 ||| READING 3 scrolls labelled RUAVOTHR LAOGG.
   822 | D:1      | 822 ||| DROPPING scroll of butterflies.
   823 | D:1      | 823 ||| DROPPING 2 scrolls of blinking.
  1164 | D:2      | Reached skill level 5 in Ranged Weapons
  1212 | D:2      | Reached XP level 4. HP: 22/22 MP: 5/5
  1274 | D:2      | Identified the +5 scale mail of Voracious Lucidity
                  | {*Corrode rN+ Int+2}
  1610 | D:2      | 1610 ||| READING scroll labelled DAACEOKOFE.
  1611 | D:2      | 1611 ||| READING scroll labelled GINKAS JYAHO.
  1612 | D:2      | 1612 ||| READING scroll labelled ATUNWO KUMOBO.
  1713 | D:2      | 1713 ||| DRINKING 2 fuming blue potions.
  1782 | D:3      | 1782 ||| PLANNING SEWER
  1917 | D:3      | Noticed an orc warrior
  1919 | D:3      | 1919 ||| RETREEEEATING.
  1928 | D:3      | HP: 2/22 [orc warrior/+0 battleaxe (20)]
  1929 | D:3      | Demolished by an orc warrior

Levels and vault maps discovered:
D:1:      dpeg_arrival_water_fire, layout_loops_ring, minmay_fountain_box,
          minmay_quantized
D:2:      layout_loops_corners, serial_bayou_pond_b
D:3:      layout_basic, fiery_altar_vehumet, shapermc_ecumenical_altar_petra,
          portal_sewer_entry_f

Skill      XL: |  1  2  3 |
---------------+----------+-----
Dodging        | 3 4 |  4.7
Ranged Weapons | 5 |  5.1
Fighting       | |  1.5
Stealth        | |  1.5

Action                     |  1- 3 |  4- 6 || total
---------------------------+-------+-------++-------
   Fire: Shortbow          |    87 |    65 ||   152
    Use: Scroll            |     2 |     3 ||     5
         Potion            |       |     1 ||     1
 Armour: Robe              |     5 |     9 ||    14
  Dodge: Dodged            |    29 |    20 ||    49

Table legend:
 A = Non-vault XP
 B = Vault XP
 C = Vault XP percentage of total XP
 D = Non-vault monster count
 E = Vault monster count
 F = Vault count percentage of total count
                 A         B        C        D         E       F
            +---------+---------+-------+---------+---------+-------
      Total |     121 |      17 |  12.3 |      42 |       9 |  17.6
            +---------+---------+-------+---------+---------+-------
        D:1 |      40 |       6 |  13.0 |      23 |       4 |  14.8
        D:2 |      62 |       9 |  12.7 |      15 |       4 |  21.1
        D:3 |      19 |       2 |   9.5 |       4 |       1 |  20.0
            +---------+---------+-------+---------+---------+-------
